 Seeded DCSS version 0.31-a0-246-g8cbcc1cb85 (webtiles) character file.

Game seed: 14215367866634240820 (custom seed)

1824 innerfire43 the Chopper (level 8, -1/64 HPs)
             Began as a Demonspawn Monk on July 12, 2023.
             Slain by Duvessa
             ... wielding a +0 short sword
              (11 damage)
             ... on level 7 of the Dungeon.
             The game lasted 00:05:11 (5895 turns).

innerfire43 the Chopper (Demonspawn Monk)           Turns: 5895, Time: 00:05:12

Health: -1/64      AC:  6    Str: 14    XL:     8   Next: 86%
Magic:  8/8        EV: 14    Int: 12    God:
Gold:   336        SH:  8    Dex: 15    Spells: 7/7 levels left

rFire   . . .        p - +0 war axe
rCold   . . .        d - orb {light}
rNeg    . . .        b - +0 robe
rPois   .            j - +2 helmet
rElec   .            (no cloak)
rCorr   +            (no gloves)
SInv    .            m - +0 pair of boots
Will    .....        (no amulet)
Stlth   +            y - ring of resist corrosion
HPRegen 0.30/turn    (no ring)
MPRegen 0.11/turn

%: no passive effects
@: glowing
A: large bone plates 1, demonic guardian 2, condensation shield
a: no special abilities


You were on level 7 of the Dungeon.
You visited 1 branch of the dungeon, and saw 7 of its levels.
You also visited: Sewer.

You collected 336 gold pieces.

Inventory:

Hand Weapons
 a - a +0 hand axe
 p - a +0 war axe (weapon)
 K - the +1 long sword "Demon's Foe" {pain, *Slow rPois Str-4 Int+5}
   (You found it on level 6 of the Dungeon)

   Str:       It affects your strength (-4).
   Int:       It affects your intelligence (+5).
   rPois:     It protects you from poison.
   *Slow:     It may slow you when you take damage.
Missiles
 h - 5 silver javelins (quivered)
Armour
 b - a +0 robe (worn)
 d - an orb of light (worn)
 j - a +2 helmet (worn)
 m - a +0 pair of boots (worn)
 v - a +1 leather armour of cold resistance
Jewellery
 y - a ring of resist corrosion (left hand)
 I - a ring of see invisible
Talismans
 C - a serpent talisman
Wands
 g - a wand of polymorph (13)
 t - a wand of mindburst (19)
 u - a wand of roots (19)
 F - a wand of paralysis (13)
 H - a wand of quicksilver (17)
Scrolls
 e - 2 scrolls of enchant weapon {unknown}
 f - 2 scrolls of fog {unknown}
 i - a scroll of amnesia {unknown}
 k - 4 scrolls of enchant armour {unknown}
 l - 6 scrolls of identify {unknown}
 n - a scroll of acquirement {unknown}
 o - 3 scrolls of poison {unknown}
 r - a scroll of torment {unknown}
 s - a scroll of teleportation {unknown}
 A - a scroll of blinking {unknown}
 D - 2 scrolls of vulnerability {unknown}
 G - a scroll of summoning {unknown}
 J - a scroll of fear {unknown}
Potions
 c - a potion of ambrosia
 q - a potion of berserk rage {unknown}
 w - 3 potions of curing
 x - a potion of lignification {unknown}
 z - a potion of degeneration {unknown}
 B - a potion of attraction {unknown}
 E - a potion of haste {unknown}


   Skills:
 + Level 6.0 Fighting
 + Level 6.6 Axes
 + Level 4.1 Armour
 + Level 5.3 Dodging
 * Level 2.3 Shapeshifting


You had 7 spell levels left.
You didn't know any spells.
Your spell library contained the following spells:

 Spells                   Type           Power      Damage    Failure   Level
 Apportation              Tloc           0%         N/A       32%         1
 Necrotise                Necr           0%         1d4       32%         1
 Sandblast                Erth           0%         2d4       32%         1
 Summon Small Mammal      Summ           0%         N/A       32%         1
 Passwall                 Tmut/Erth      0%         N/A       45%         2
 Sublimation of Blood     Necr           0%         N/A       45%         2
 Gell's Gravitas          Tloc           0%         N/A       69%         3
 Stone Arrow              Conj/Erth      0%         3d7       69%         3
 Teleport Other           Tloc           0%         N/A       69%         3
 Petrify                  Tmut/Erth      0%         N/A       97%         4
 Irradiate                Conj/Tmut      0%         3d11      100%        5
 Dispersal                Tloc           0%         N/A       100%        6


Dungeon Overview and Level Annotations

Branches:
Dungeon (7/15)             Temple (0/1) D:7           Sewer (visited)

Altars:

Shops:
D:4 [   D:5 *

Annotations:
D:7 Duvessa


Innate Abilities, Weirdness & Mutations

You are partially covered in large bone plates. (SH +4)
A demonic guardian rushes to your aid.
A meltable shield of frost defends you. (SH +4)


Message History

g - a wand of polymorph (13) (gained 1 charge)
You open the door.
Dowan, Brother of Duvessa comes into view.
He is wielding a +0 dagger.
Dowan shouts!
Dowan mumbles some strange words.
Dowan blinks!
Duvessa, Sister of Dowan comes into view.
She is wielding a +0 short sword.
Dowan hits you but does no damage.
There is an open door here.
You closely miss Dowan. You hit Duvessa but do no damage.
Dowan barely misses you. Duvessa hits you with a +0 short sword.
You barely miss Dowan. You hit Duvessa but do no damage.
Dowan casts a spell at Duvessa.
Duvessa seems to speed up.
Duvessa hits you with a +0 short sword.
You closely miss Dowan. You hit Duvessa but do no damage.
You block Duvessa's attack. Dowan hits you with a +0 dagger.
Duvessa hits you but does no damage.
You slash Dowan!
Dowan is heavily wounded.
You hit Duvessa. Duvessa hits you with a +0 short sword.
Dowan hits you but does no damage. Duvessa hits you with a +0 short sword.
Dowan hits you with a +0 dagger.
You hit Dowan.
Dowan is severely wounded.
You hit Duvessa. Duvessa closely misses you. You block Dowan's attack.
You block Duvessa's attack.
You barely miss Dowan.
Dowan is severely wounded.
You hit Duvessa but do no damage. Duvessa hits you with a +0 short sword.
Dowan misses you.
You slash Dowan!
You kill Dowan!
Duvessa screams, "No!
How DARE you!"
Duvessa goes berserk!
You hit Duvessa. Duvessa completely misses you.
Duvessa hits you with a +0 short sword!
A demonic guardian appears!
Your Fighting skill increases to level 6!
Duvessa hits you with a +0 short sword!
* * * LOW HITPOINT WARNING * * *
Duvessa hits you with a +0 short sword!
You die...

...#### #...#
...###
#..(####+###
##...#
##...##.....#
###.#
#.....#.⌠.⌠.#
#.###.....'..>..+
#<........#.⌠.⌠.#
##....#####...4.#
#....# ###'###
#....# #@e.#
#....... ##.##
...#)#.... .#
..###.####.. .#
.# #.# .. .# .#
##


You could see Duvessa (berserk, fast, ally target) and a friendly rust devil
(summoned).

Vanquished Creatures
  Pikel (D:7)
  A water moccasin (D:5)
  A sky beast (D:5)
  3 black bears
  A phantom (D:5)
  3 scorpions
  Dowan (D:7)
  4 hounds
  2 iguanas
  Ijyb (D:4)
  Terence (D:3)
  An orc wizard (D:6)
  4 gnolls (D:2)
  4 adders
  A white imp (D:6)
  2 worms
  2 dart slugs
  11 orcs
  10 ball pythons
  10 endoplasms
  8 giant cockroaches
  9 goblins
  6 hobgoblins
  6 jackals (D:1)
  8 kobolds
  9 quokkas
  5 bats
  6 frilled lizards
  4 rats
125 creatures vanquished.

Vanquished Creatures (collateral kills)
  Pargi (Sewer)
  An orc priest (D:3)
  An iguana (D:6)
  An orc (D:6)
  A quokka (D:1)
5 creatures vanquished.

Grand Total: 130 creatures vanquished

Notes
Turn   | Place    | Note
-------+----------+-------------------------------------------
     0 | D:1      | innerfire43 the Demonspawn Monk began the quest for the
                  | Orb.
     0 | D:1      | Reached XP level 1. HP: 18/18 MP: 1/1
    54 | D:1      | Gained mutation: A weak demonic guardian rushes to your
                  | aid. [demonic ancestry]
    54 | D:1      | Reached XP level 2. HP: 9/24 MP: 2/2
   498 | D:1      | Reached XP level 3. HP: 29/29 MP: 3/3
  1249 | D:2      | Gained mutation: A demonic guardian rushes to your aid.
                  | [demonic ancestry]
  1249 | D:2      | Reached XP level 4. HP: 4/37 MP: 4/4
  1725 | D:3      | Noticed Terence
  1727 | D:3      | Reached skill level 1 in Armour
  1744 | D:3      | Killed Terence
  1745 | D:3      | Reached XP level 5. HP: 11/42 MP: 5/5
  2736 | D:4      | Found Junwutirr's Armour Shoppe.
  2765 | D:4      | Noticed a black bear
  2775 | D:4      | Killed a black bear
  2776 | D:4      | Reached XP level 6. HP: 8/48 MP: 6/6
  2977 | D:4      | Found a glowing drain.
  2994 | Sewer    | Entered a sewer
  3032 | Sewer    | Noticed Pargi
  3039 | Sewer    | Killed Pargi
  3297 | D:4      | Noticed Ijyb
  3310 | D:4      | Killed Ijyb
  3777 | D:4      | Reached skill level 5 in Axes
  3777 | D:4      | Gained mutation: A meltable shield of frost defends you.
                  | (SH +4) [demonic ancestry]
  3777 | D:4      | Reached XP level 7. HP: 21/55 MP: 7/7
  4087 | D:5      | Entered Level 5 of the Dungeon
  4229 | D:5      | Reached skill level 5 in Fighting
  4663 | D:5      | Gained mutation: You are partially covered in large bone
                  | plates. (SH +4) [demonic ancestry]
  4663 | D:5      | Reached XP level 8. HP: 37/62 MP: 8/8
  4826 | D:5      | Found Ucuimn's Serpentskin Sales.
  5183 | D:6      | Identified the +1 long sword "Demon's Foe" {pain, *Slow
                  | rPois Str-4 Int+5}
  5532 | D:6      | Reached skill level 5 in Dodging
  5595 | D:6      | Reached skill level 1 in Shapeshifting
  5766 | D:7      | Noticed Pikel
  5787 | D:7      | Killed Pikel
  5880 | D:7      | Found a staircase to the Ecumenical Temple.
  5886 | D:7      | Noticed Dowan
  5886 | D:7      | Noticed Duvessa
  5894 | D:7      | Killed Dowan
  5895 | D:7      | Slain by Duvessa

Illustrated notes

Levels and vault maps discovered:
D:1:      dpeg_arrival_castle, layout_basic, serial_forest,
          infiniplex_forest_straight_2, infiniplex_forest_straight_3,
          infiniplex_forest_clump_double, infiniplex_forest_lined_1,
          infiniplex_forest_clump_small, infiniplex_forest_straight_2,
          infiniplex_forest_lined_3_way
D:2:      layout_rooms
D:3:      layout_basic, general_overflow_altar, uniq_terence
D:4:      minmay_chambers_of_fours, layout_loops_ring, gup_sewer_entry_pipe,
          serial_shops, shop, uniq_ijyb
D:5:      layout_basic, guppyfry_shop_venom
D:6:      layout_rooms
D:7:      layout_rooms, minmay_temple_entry_hall, serial_shops,
          nicolae_shop_overgrown_old_shop, uniq_pikel, uniq_maggie, uniq_duvessa

Skill      XL: |  1  2  3  4  5  6  7  8 |
---------------+-------------------------+-----
Dodging        | 3 4 5 |  5.3
Axes           | 3 4 5 6 |  6.6
Armour         | 1 2 3 4 |  4.1
Fighting       | 4 5 6 |  6.0
Shapeshifting  | 2 |  2.3

Action                     |  1- 3 |  4- 6 |  7- 9 || total
---------------------------+-------+-------+-------++-------
  Melee: Hand axe          |    93 |    60 |       ||   153
         War axe           |       |   107 |   129 ||   236
  Throw: Javelin           |     5 |       |       ||     5
    Use: Potion            |       |     1 |     2 ||     3
   Stab: Distracted        |       |     2 |       ||     2
 Armour: Robe              |    25 |    61 |    47 ||   133
  Dodge: Dodged            |    82 |   130 |    71 ||   283
  Block: Orb               |       |       |    33 ||    33

Table legend: (Time is in decaauts)
 A = Elapsed time spent in this place.
 B = Non-inter-level travel time spent in this place.
 C = Inter-level travel time spent in this place.
 D = Time resting spent in this place.
 E = Time spent auto-exploring this place.
 F = Levels seen in this place.
 G = Mean time per level.
                   A        B        C        D        E       F      G
               +--------+--------+--------+--------+--------+-----+--------+
         Total |   5988 |   5677 |    311 |      0 |   4748 |   8 |  748.5 |
       Dungeon |   5846 |   5535 |    311 |      0 |   4646 |   7 |  835.1 |
         Sewer |    142 |    142 |      0 |      0 |    102 |   1 |  142.0 |
               +--------+--------+--------+--------+--------+-----+--------+

Top non-repeatable levels by time:
     D:4: 1268 daAuts
     D:1: 1114 daAuts
     D:5: 1068 daAuts
     D:3: 1064 daAuts
     D:6: 616 daAuts
     D:2: 569 daAuts
     D:7: 144 daAuts
   Sewer: 142 daAuts
